 Dungeon Crawl Stone Soup version 0.28-a0-706-gf6f64a616a (webtiles) character file.

Game seed: 15958447311653671007

612 KoroneIsBestGirl the Chiller (level 7, -11/46 HPs)
             Began as a Formicid Ice Elementalist on Oct 24, 2021.
             Was an Initiate of Gozag.
             Mangled by Menkaure (16 damage)
             ... on level 5 of the Dungeon.
             The game lasted 00:07:42 (5818 turns).

KoroneIsBestGirl the Chiller (FoIE)                 Turns: 5818, Time: 00:07:42

Health: -11/46     AC:  4    Str: 13    XL:     7   Next: 72%
Magic:  7/13       EV: 12    Int: 16    God:    Gozag
Gold:   246        SH:  0    Dex: 11    Spells: 10/14 levels left

rFire   . . .      SeeInvis +   q - +1 dagger (elec)
rCold   . . .      Faith    .   (no shield)
rNeg    . . .      Spirit   .   j - +0 leather armour
rPois   +          Reflect  .   (helmet unavailable)
rElec   .          Harm     .   (no cloak)
rCorr   .          Rampage  .   (no gloves)
Will    .....                   g - +0 pair of boots
Stlth   ++........              (no amulet)
HPRegen 0.15/turn               p - ring of poison resistance
MPRegen 0.13/turn               (no ring)

@: freezing walls
A: permanent stasis, dig shafts and tunnels, antennae 3, four strong arms
a: Dig, Shaft Self, Renounce Religion, Potion Petition, Call Merchant, Bribe
Branch


You were on level 5 of the Dungeon.
You worshipped Gozag.
Gozag was aware of your devotion.
You visited 1 branch of the dungeon, and saw 5 of its levels.

You collected 351 gold pieces.
You paid 105 gold pieces to Gozag.

Inventory:

Hand Weapons
 q - a +1 dagger of electrocution (weapon)
Armour
 a - a +0 robe
 g - a +0 pair of boots (worn)
 j - a +0 leather armour (worn)
Magical Staves
 k - a staff of conjuration
Jewellery
 l - an amulet of faith
 p - a ring of poison resistance (left hand)
Wands
 i - a wand of paralysis (6)
Scrolls
 b - a scroll of enchant weapon {unknown}
 h - a scroll of blinking
 m - 2 scrolls of fear
 n - 2 scrolls of amnesia
 o - a scroll of magic mapping
 r - a scroll of teleportation {unknown}
 s - a scroll of fog {unknown}
Potions
 c - a potion of magic {unknown}
 d - 2 potions of haste {unknown}
 e - a potion of might {unknown}
 f - 3 potions of curing {unknown}


   Skills:
 - Level 4.1 Armour
 + Level 3.8 Dodging
 - Level 2.4 Stealth
 + Level 4.4 Spellcasting
 + Level 5.5 Ice Magic


You had 10 spell levels left.
You knew the following spells:

 Your Spells              Type           Power      Damage    Failure   Level
a - Freeze                Ice            84%        1d10      1%          1
b - Frozen Ramparts       Ice            42%        1d6       6%          3

Your spell library contained the following spells:

 Spells                   Type           Power      Damage    Failure   Level
 Ozocubu's Armour         Ice            21%        N/A       6%          3
 Summon Small Mammal      Summ           12%        N/A       21%         1
 Call Canine Familiar     Summ           3%         N/A       52%         3
 Lesser Beckoning         Tloc           3%         N/A       52%         3
 Summon Guardian Golem    Hex/Summ       3%         N/A       52%         3
 Hailstorm                Conj/Ice       12%        3d5       54%         4
 Manifold Assault         Tloc           3%         N/A       99%         5
 Blink                    Tloc           Unusable   N/A       N/A         2

Dungeon Overview and Level Annotations

Branches:
Dungeon (5/15)
 Temple: D:4-7

Altars:
Gozag
Qazlal

Shops:
D:4 =

Annotations:
D:5 Menkaure


Innate Abilities, Weirdness & Mutations

You cannot be hasted, slowed, berserked, paralysed or teleported.
You can dig through walls and to a lower floor.
You have a pair of large antennae on your head. (SInv)
Your four strong arms can wield two-handed weapons with a shield.


Message History

Aim: Menkaure (lightly damaged, fast)
You freeze Menkaure but do no damage.
Menkaure completely resists.
Menkaure resists.
The wall freezes Menkaure.
Menkaure hits you!
You hit Menkaure but do no damage.
Menkaure is moderately damaged.
Menkaure resists.
The wall freezes Menkaure.
Menkaure barely misses you.
Menkaure completely resists.
The wall freezes Menkaure but does no damage.
Menkaure barely misses you.
You hit Menkaure.
Menkaure is moderately damaged.
The dart slug is distracted by your dazzling golden aura.
Menkaure resists.
The wall freezes Menkaure.
Menkaure closely misses you.
You hit Menkaure but do no damage.
Menkaure is moderately damaged.
The dart slug is no longer distracted by gold.
Menkaure completely resists.
The wall freezes Menkaure but does no damage.
Menkaure barely misses you.
You hit Menkaure.
Menkaure is heavily damaged.
Menkaure resists.
The wall freezes Menkaure.
Menkaure hits you.
* * * LOW HITPOINT WARNING * * *
You hit Menkaure.
Menkaure is heavily damaged.
The frozen ramparts melt away.
Menkaure hits you.
* * * LOW HITPOINT WARNING * * *
Casting: Freeze (safe; 1% risk of failure)
Confirm with . or Enter, or press ? or * to list all spells.
Casting: Frozen Ramparts (dangerous; 6% risk of failure)
Press: ? - help, Dir - look around, f - activate The walls around you are covered in ice.
Menkaure resists.
The wall freezes Menkaure.
Menkaure calls on the powers of darkness!
Your body is wracked with pain!
* * * LOW HITPOINT WARNING * * *
The dart slug convulses!
Menkaure resists.
The wall freezes Menkaure.
Menkaure hits you!
You die...
Your body crumbles into a pile of gold.

### ## ### ##
....##.##... .##
.w......... #..##
..........# ....##.
.......... .......
.........## .......
.........w##?......
..........M@..#
.........###.......
.#.......# #..........
#........#####.........
.........#...........>
.....................
............#......#
............#......#
....#......##......#


You could see Menkaure (fast) and a dart slug.

Vanquished Creatures
  The ghost of SmokeWeed the Skirmisher, an amateur DsGl (D:4)
  2 scorpions
  An orc priest (D:2)
  A hound (D:4)
  Terence (D:2)
  Jessica (D:2)
  An iguana (D:3)
  An orc wizard (D:3)
  Robin (D:2)
  2 howler monkey skeletons
  9 adders
  2 ufetubi
  An adder skeleton (D:4)
  4 worms
  A dart slug (D:2)
  12 orcs
  7 ball pythons
  12 bats
  3 endoplasms
  5 giant cockroaches
  18 goblins
  5 hobgoblins
  A jackal (D:3)
  5 kobolds
  3 quokkas
  5 frilled lizards
  9 rats
114 creatures vanquished.

Notes
Turn   | Place    | Note
-------+----------+-------------------------------------------
     0 | D:1      | KoroneIsBestGirl the Formicid Ice Elementalist began the
                  | quest for the Orb.
     0 | D:1      | Reached XP level 1. HP: 13/13 MP: 3/3
   367 | D:1      | Reached XP level 2. HP: 11/19 MP: 0/5
   947 | D:1      | Reached XP level 3. HP: 24/24 MP: 4/6
  1368 | D:2      | Learned a level 3 spell: Frozen Ramparts
  1381 | D:2      | Reached XP level 4. HP: 6/30 MP: 0/8
  2313 | D:2      | Reached XP level 5. HP: 30/35 MP: 5/10
  2504 | D:2      | Noticed Robin
  2516 | D:2      | Killed Robin
  2517 | D:2      | Reached skill level 1 in Armour
  2718 | D:2      | Noticed Terence
  2727 | D:2      | Killed Terence
  2917 | D:2      | Noticed Jessica
  2919 | D:2      | Killed Jessica
  3069 | D:3      | Reached XP level 6. HP: 41/41 MP: 6/11
  3130 | D:3      | Reached skill level 5 in Ice Magic
  3632 | D:3      | Found a stormy altar of Qazlal.
  4048 | D:4      | Found Picku's Jewellery Boutique.
  4155 | D:4      | Reached XP level 7. HP: 10/46 MP: 9/13
  4783 | D:4      | Found a runed translucent door.
  4784 | D:4      | Noticed SmokeWeed's ghost (amateur DsGl)
  5344 | D:4      | Killed SmokeWeed's ghost
  5492 | D:5      | Entered Level 5 of the Dungeon
  5510 | D:5      | Found an opulent altar of Gozag.
  5517 | D:5      | Became a worshipper of Gozag Ym Sagoz the Greedy
  5803 | D:5      | Noticed Menkaure
  5818 | D:5      | Mangled by Menkaure

Illustrated notes

Levels and vault maps discovered:
D:1:      minmay_arrival_pointy, layout_basic, minivault_5
D:2:      layout_loops_ring, kennysheep_generic_room_3, uniq_terence,
          uniq_jessica, uniq_robin
D:3:      layout_rooms, mainiacjoe_overflow_24_doors, hex_intersection,
          minmay_fractal_squares_diagonal_5
D:4:      layout_basic, serial_shops, nicolae_stop_n_shop_2,
          gammafunk_ghost_grave, grunt_decor_clamped
D:5:      minmay_evil_eye, layout_cave_pools, grunt_gozag_statues, uniq_menkaure

Skill      XL: |  1  2  3  4  5  6  7 |
---------------+----------------------+-----
Dodging        | 2 3 |  3.8
Spellcasting   | 3 4 |  4.4
Armour         | 2 3 4 |  4.1
Ice Magic      | 5 |  5.5
Stealth        | |  2.4

Action                   |  1- 3 |  4- 6 |  7- 9 || total
-------------------------+-------+-------+-------++-------
Melee: Dagger            |    22 |     8 |    17 ||    47
       Whip              |       |    26 |     1 ||    27
 Cast: Freeze            |    33 |    68 |    29 ||   130
       Frozen Ramparts   |     1 |    12 |     3 ||    16
  Use: Scroll            |       |       |     4 ||     4
 Stab: Sleeping          |     1 |       |     1 ||     2
Armor: Robe              |    20 |     1 |       ||    21
       Leather armour    |       |    17 |     2 ||    19
Dodge: Dodged            |    36 |    54 |    31 ||   121

Table legend: (Time is in decaauts)
 A = Elapsed time spent in this place.
 B = Non-inter-level travel time spent in this place.
 C = Inter-level travel time spent in this place.
 D = Time resting spent in this place.
 E = Time spent auto-exploring this place.
 F = Levels seen in this place.
 G = Mean time per level.
                   A        B        C        D        E       F      G
               +--------+--------+--------+--------+--------+-----+--------+
         Total |   5817 |   5634 |    183 |    329 |   4540 |   5 | 1163.4 |
       Dungeon |   5817 |   5634 |    183 |    329 |   4540 |   5 | 1163.4 |
               +--------+--------+--------+--------+--------+-----+--------+

Top non-repeatable levels by time:
     D:2: 1704 daAuts
     D:4: 1443 daAuts
     D:1: 1355 daAuts
     D:3: 988 daAuts
     D:5: 325 daAuts
